Map: Rifts to Korhal

Players

Jret

  • Race: Protoss Protoss
  • Spawn Location: 7:00

Kuchemegrad

  • Race: Zerg Zerg
  • Spawn Location: 7:00

VOD

Have the link to the VOD?

Description

200 supply vorazun air , no VR, 3/2 upgrades

Time

  • Played on: April 22, 2019, 8:37 p.m.
  • Length: 22:44
Show
View Real Time Build Order
Export as new Build Order

Jret Protoss 

Build Orders:  

Get SALT Encoding   

  12  0:03  Probe (Chrono Boost)  
  12  0:05  Dark Pylon  
  13  0:17  Probe (Chrono Boost)  
  14  0:24  Assimilator  
  14  0:30  Probe (Chrono Boost)  
  14  0:38  Assimilator  
  15  0:47  Probe (Chrono Boost)  
  16  1:00  Probe (Chrono Boost)  
  16  1:05  Gateway  
  16  1:08  Dark Pylon  
  17  1:14  Probe (Chrono Boost)  
  18  1:28  Probe (Chrono Boost)  
  19  1:45  Probe (Chrono Boost)  
  21  2:01  Probe (Chrono Boost)  
  21  2:10  Cybernetics Core  
  22  2:20  Probe (Chrono Boost)  
  23  2:50  Probe (Chrono Boost)  
  23  3:02  Stargate  
  23  3:12  Protoss Air Weapons Level 1  
  23  3:16  Dark Pylon  
  23  3:44  Nexus  
  23  3:47  Oracle  
  23  3:48  Assimilator  
  23  3:55  Assimilator  
  23  3:59  Probe (Chrono Boost)  
  27  4:14  Fleet Beacon  
  27  4:24  Probe (Chrono Boost)  
  28  4:30  Dark Pylon  
  28  4:37  Corsair  
  31  4:41  Probe (Chrono Boost)  
  31  4:54  Oracle  
  31  4:58  Probe (Chrono Boost), Stealth Drive  
  32  5:15  Probe (Chrono Boost)  
  36  5:24  Oracle  
  36  5:29  Probe (Chrono Boost)  
  37  5:32  Probe (Chrono Boost)  
  37  5:36  Protoss Air Weapons Level 2  
  38  5:48  Probe (Chrono Boost)  
  43  5:50  Probe (Chrono Boost)  
  43  6:07  Probe (Chrono Boost)  
  43  6:08  Probe (Chrono Boost)  
  45  6:23  Nexus  
  45  6:27  Nexus  
  45  6:30  Dark Pylon  
  45  6:35  Oracle, Probe (Chrono Boost)  
  45  6:38  Probe (Chrono Boost)  
  47  6:47  Disruption Web  
  47  6:53  Probe (Chrono Boost)  
  47  6:55  Probe (Chrono Boost)  
  52  7:07  Stargate  
  52  7:08  Oracle  
  53  7:10  Probe (Chrono Boost)  
  53  7:11  Stargate  
  53  7:12  Probe (Chrono Boost)  
  53  7:15  Stargate  
  57  7:33  Oracle  
  57  7:46  Pylon  
  57  7:48  Pylon  
  57  7:50  Pylon  
  60  8:09  Oracle, Protoss Air Weapons Level 3  
  60  8:10  Oracle x2  
  60  8:15  Oracle  
  60  8:34  Nexus  
  72  9:31  Corsair x2  
  72  9:32  Corsair  
  72  9:34  Dark Pylon  
  72  9:37  Corsair  
  80  10:06  Corsair x3  
  80  10:08  Corsair  
  88  10:32  Oracle x2  
  88  10:39  Pylon  
  88  10:41  Pylon  
  88  10:44  Pylon  
  88  10:48  Pylon  
  88  10:50  Pylon  
  88  10:51  Pylon  
  88  10:52  Corsair x2  
  88  10:56  Pylon  
  88  10:58  Pylon  
  98  11:00  Pylon  
  98  11:01  Pylon  
  98  11:06  Oracle x4  
  98  11:07  Pylon  
  98  11:13  Pylon  
  98  11:19  Pylon  
  98  11:39  Stargate  
  110  12:12  Corsair x4  
  118  12:38  Oracle x2  
  118  12:56  Corsair x2  
  118  12:57  Corsair  
  118  13:02  Oracle  
  118  13:03  Oracle  
  118  13:06  Oracle x3  
  130  13:27  Oracle x2  
  136  13:30  Oracle x2  
  136  13:31  Oracle  
  145  13:51  Oracle x2  
  145  13:55  Oracle x2  
  160  14:19  Oracle x2  
  87  14:20  Oracle  
  166  14:21  Oracle  
  184  15:11  Oracle  
  184  15:12  Oracle x3  
  184  15:13  Oracle  
  199  16:19  Oracle x3  
  199  16:20  Oracle x2  
  159  16:43  Oracle  
  159  16:44  Oracle x4  
  174  16:51  Dark Pylon  
  174  17:08  Oracle x3  
  189  17:27  Protoss Air Armor Level 1  
  198  18:12  Corsair  
  200  18:55  Dark Pylon  
Show
View Real Time Build Order
Export as new Build Order

Kuchemegrad Zerg 

Build Orders:  

Get SALT Encoding   

  12  0:05  Drone  
  13  0:12  Drone  
  14  0:28  Overlord  
  14  0:37  Overlord  
  14  0:56  Drone x2  
  16  1:02  Drone  
  17  1:17  Extractor  
  17  1:19  Drone  
  17  1:33  Drone  
  18  1:55  Drone  
  19  2:14  Drone x2  
  19  2:15  Spawning Pool  
  20  2:21  Extractor  
  20  2:25  Drone  
  20  2:45  Drone  
  21  2:52  Lair  
  21  2:57  Drone  
  22  3:14  Drone x2  
  24  3:32  Evolution Chamber  
  24  3:34  Drone  
  24  3:47  Drone  
  25  3:59  Drone  
  26  4:01  Hive  
  26  4:21  Overlord  
  26  4:29  Heroic Fortitude  
  26  4:38  Drone  
  27  5:00  Drone, Hydralisk Den  
  27  5:01  Drone  
  28  5:22  Drone  
  28  5:25  Queen  
  28  5:29  Chain Reaction  
  31  5:50  Extractor  
  31  5:51  Hatchery  
  29  6:52  Drone x6  
  29  6:55  Lair  
  29  6:57  Drone  
  36  7:03  Ability Efficiency  
  36  7:15  Unknown  
  36  7:39  Extractor  
  35  7:45  Overlord x3  
  35  8:17  Ventral Sacs  
  35  8:18  Drone x2  
  37  8:24  Drone x3  
  37  8:25  Drone x3  
  43  10:09  Drone  
  44  10:10  Drone x5  
  49  10:29  Drone x2  
  51  10:59  Drone x2  
  53  11:00  Drone  
  53  11:08  Spore Crawler  
  53  11:42  Evolution Chamber  
  53  11:44  Evolution Chamber  
  51  12:24  Drone x2  
  59  12:33  Hydralisk x3  
  59  12:41  Hive  
  67  12:52  Overlord x2  
  67  12:54  Hydralisk, Muscular Augments  
  67  12:55  Hydralisk x3  
  59  13:25  Zerg Missile Weapons Level 1, Zerg Melee Weapons Level 1  
  59  13:26  Zerg Ground Armor Level 1  
  59  13:29  Metabolic Boost  
  65  13:44  Hydralisk x2  
  65  13:45  Hydralisk  
  65  13:49  Hydralisk x2  
  77  13:50  Hydralisk x4  
  77  13:54  Ancillary Carapace  
  77  14:29  Hardened Carapace  
  77  15:24  Overlord, Frenzy  
  77  15:25  Overlord x2  
  77  15:28  Hydralisk x2  
  77  15:29  Overlord x2, Hydralisk, Adrenal Overload  
  83  15:30  Overlord x4  
  81  16:29  Shredding Claws  
  81  16:42  Zerg Melee Weapons Level 2, Zerg Missile Weapons Level 2  
  81  16:43  Zerg Ground Armor Level 2  
  81  16:44  Overlord x4  
  81  16:45  Overlord  
  81  16:58  Hydralisk  
  81  16:59  Hydralisk x4  
  91  17:35  Overlord  
  91  17:40  Drone  
  91  17:41  Drone x2  
  102  17:54  Hydralisk  
  102  17:55  Hydralisk x3  
  102  18:16  Ultralisk Cavern  
  102  18:19  Nydus Network  
  100  18:23  Spire  
  95  19:23  Chitinous Plating  
  107  19:37  Hydralisk x6  
  119  19:54  Unknown x3  
  119  19:55  Unknown x3  
  119  20:12  Burrow Charge  
  119  20:25  Ultralisk x3  
  137  20:32  Zergling x8  
  141  20:57  Zergling x6  
  141  20:58  Zergling x2  
  141  20:59  Zergling x6  
  127  21:00  Zergling x2  
  141  21:01  Tissue Assimilation, Zergling x3  
  141  21:02  Zergling x5  
  141  21:03  Zergling x3  
  141  21:05  Zergling x7  
  141  21:07  Zergling x5  
  141  21:08  Zergling x2  
  141  21:09  Zergling x3  
  141  21:10  Zergling x2  
  141  21:11  Zergling x4  
  141  21:12  Zergling  
  141  21:13  Zergling  
  141  21:15  Zergling x3  
  141  21:16  Zergling  
  141  21:17  Zergling x3  
  141  21:18  Zergling x3  
  89  21:22  Zergling x2  
Tags
 
Add a new tag
Caveats
  • Supply blocks, unpowered buildings, or Contaminate may cause inaccurate times.
  • Supply counts are checked every 10 seconds.